 Dungeon Crawl Stone Soup version 0.31-a0-112-gdf0485fa37 (webtiles) character file.

Game seed: 8177112292232922931

102 Bigbad the Magician (level 4, -10/18 (30) HPs)
             Began as a Demonspawn Hedge Wizard on May 28, 2023.
             Killed by an exploding hobgoblin (23 damage)
             ... ignited by their inner flame
             ... on level 4 of the Dungeon.
             The game lasted 00:28:59 (2962 turns).

Bigbad the Magician (Demonspawn Hedge Wizard)       Turns: 2962, Time: 00:29:00

HP:   -10/18 (30)   AC:  3    Str: 10    XL:     4   Next: 50%
MP:   3/10          EV: 12    Int: 17    God:
Gold: 206           SH:  0    Dex: 19    Spells: 2/11 levels left

rFire   . . .        f - +2 dagger (venom)
rCold   . . .        (no shield)
rNeg    . . .        b - +0 robe
rPois   .            c - +0 hat
rElec   .            (no cloak)
rCorr   +            (no gloves)
SInv    .            r - +0 pair of boots
Will    .....        (no amulet)
Stlth   ++           l - +6 ring of dexterity
HPRegen 0.23/turn    x - ring of resist corrosion
MPRegen 0.12/turn

%: no passive effects
@: very slightly contaminated, very heavily drained
A: antennae 1, foul stench 1
a: no special abilities


You were on level 4 of the Dungeon.
You visited 1 branch of the dungeon, and saw 4 of its levels.

You collected 206 gold pieces.

Inventory:

Hand Weapons
 a - a +0 dagger
 f - a +2 dagger of venom (weapon)
 k - a +0 mace
 y - a +0 trident of protection
Missiles
 e - 11 poisoned darts (quivered)
Armour
 b - a +0 robe (worn)
 c - a +0 hat (worn)
 i - a +0 pair of boots
 r - a +0 pair of boots (worn)
 z - a +1 ring mail of fire resistance
Jewellery
 l - a +6 ring of dexterity (left hand)
 x - a ring of resist corrosion (right hand)
Scrolls
 h - a scroll of magic mapping {unknown}
 j - a scroll of immolation
 p - a scroll of amnesia
 u - a scroll of teleportation {unknown}
 v - a scroll of summoning
 w - a scroll of torment {unknown}
Potions
 d - 2 potions of magic
 g - 6 potions of curing
 m - 2 potions of lignification
 n - a potion of degeneration {unknown}
 o - a potion of heal wounds {unknown}
 q - a potion of enlightenment
 s - a potion of resistance {unknown}
 t - a potion of berserk rage {unknown}


   Skills:
 + Level 0.3 Short Blades
 + Level 2.0 Dodging
 + Level 2.5 Stealth
 + Level 4.0 Spellcasting
 + Level 2.0 Conjurations
 + Level 1.0 Summonings
 + Level 1.0 Translocations
 + Level 0.1 Air Magic


You had 2 spell levels left.
You knew the following spells:

 Your Spells              Type           Power      Damage    Failure   Level
a - Magic Dart            Conj           40%        1d5       7%          1
b - Blink                 Tloc           12%        N/A       16%         2
c - Cigotuvi's Dreadful   Necr/Pois/Air  6%         N/A       22%         2
d - Airstrike             Air            1%         2d(1-17)  83%         4

Your spell library contained the following spells:

 Spells                   Type           Power      Damage    Failure   Level
 Apportation              Tloc           12%        N/A       11%         1
 Slow                     Hex            12%        N/A       16%         1
 Call Imp                 Summ           12%        N/A       16%         2
 Lesser Beckoning         Tloc           12%        N/A       16%         2
 Static Discharge         Conj/Air       14%        2-3/arc   16%         2
 Gell's Gravitas          Tloc           6%         N/A       30%         3
 Teleport Other           Tloc           6%         N/A       30%         3
 Mephitic Cloud           Conj/Pois/Air  5%         N/A       34%         3
 Manifold Assault         Tloc           6%         N/A       71%         4
 Summon Lightning Spire   Summ/Air       5%         N/A       77%         4
 Alistair's Intoxication  Tmut/Pois      2%         N/A       99%         5
 Storm Form               Tmut/Air       1%         N/A       100%        7


Dungeon Overview and Level Annotations

Branches:
Dungeon (4/15)
 Temple: D:4-7

Altars:
Fedhas

Shops:
D:3 ::


Innate Abilities, Weirdness & Mutations

You have a pair of small antennae on your head.
You may rarely emit foul miasma when damaged in melee.


Message History

You feel drained. The hound bites you but does no damage.
An iguana comes into view.
A hobgoblin comes into view.
The hobgoblin shouts!
The hound bites you.
You emit a cloud of foul miasma!
The iguana hisses angrily.
You hit the hound.
The hound is poisoned.
The hound is moderately wounded.
The hound is engulfed in dark miasma.
The hound looks even sicker.
The hound completely misses you.
You kill the hound!
Your Spellcasting skill increases to level 4!
Your Conjurations skill increases to level 2!
Your Translocations skill increases to level 1!
Casting: Cigotuvi's Dreadful Rot (safe; 22% risk of failure)
Confirm with . or Enter, or press ? or * to list all spells.
Aiming: Magic Dart (safe; 7% risk of failure)
Press: ? - help, Shift-Dir - straight line, f - hobgoblin
Aim: a hobgoblin (100% to hit)
The magic dart hits the hobgoblin.
The hobgoblin is heavily wounded.
Casting: Magic Dart (safe; 7% risk of failure)
Confirm with . or Enter, or press ? or * to list all spells.
Aiming: Magic Dart (safe; 7% risk of failure)
Press: ? - help, Shift-Dir - straight line, f/p - hobgoblin
Aim: a hobgoblin (moderately wounded, 100% to hit)
You miscast Magic Dart.
You are very lightly contaminated with residual magic.
Nothing appears to happen.
As you read the scroll of immolation, it crumbles to dust.
The creatures around you are filled with an inner flame!
You hit the hobgoblin.
Flame seeps out of the hobgoblin.
The hobgoblin is poisoned.
The hobgoblin is heavily wounded.
The hobgoblin is engulfed in blazing flames.
The hobgoblin explodes!
The fiery explosion engulfs the iguana!!
The fiery explosion engulfs you!!
Ouch! That really hurt!
You die...

######
#....#
#....#
#....#
#<...#
#....#
#....#####
####@§...#
#○§†..#
#§§...#
#.....+
#.....#
#.[...#
........
..........
............


There were no monsters in sight!

Vanquished Creatures
  A hound (D:4)
  An iguana (D:4)
  4 adders
  2 dart slugs
  4 bats
  An endoplasm (D:3)
  A giant cockroach (D:1)
  6 goblins
  3 hobgoblins
  2 kobolds
  4 quokkas
  4 ball pythons
  A frilled lizard (D:3)
  4 rats
38 creatures vanquished.

Notes
Turn   | Place    | Note
-------+----------+-------------------------------------------
     0 | D:1      | Bigbad the Demonspawn Hedge Wizard began the quest for the
                  | Orb.
     0 | D:1      | Reached XP level 1. HP: 13/13 MP: 4/4
   321 | D:1      | Discovered your monstrous ancestry.
   321 | D:1      | Gained mutation: You have a pair of small antennae on your
                  | head. [demonic ancestry]
   321 | D:1      | Reached XP level 2. HP: 19/19 MP: 1/6
   347 | D:1      | Learned a level 2 spell: Blink
  1130 | D:2      | Gained mutation: You may rarely emit foul miasma when
                  | damaged in melee. [demonic ancestry]
  1130 | D:2      | Reached XP level 3. HP: 24/24 MP: 5/8
  1141 | D:2      | Learned a level 2 spell: Cigotuvi's Dreadful Rot
  1863 | D:3      | Found Avuegh's Book Shop.
  2051 | D:3      | Found a blossoming altar of Fedhas.
  2119 | D:3      | Found Liuffirph's Book Shoppe.
  2542 | D:3      | Reached XP level 4. HP: 19/19 MP: 0/9
  2661 | D:3      | Learned a level 4 spell: Airstrike
  2958 | D:4      | Reached skill level 4 in Spellcasting
  2958 | D:4      | Reached skill level 1 in Translocations
  2962 | D:4      | Killed by an exploding hobgoblin... ignited by their inner
                  | flame

Illustrated notes

Levels and vault maps discovered:
D:1:      amcnicky_arrival_feature_with_door, layout_basic
D:2:      layout_basic
D:3:      layout_loops_ring, fedhas_altar_1, serial_shops,
          nicolae_shop_back_alley_shop, shop, shop, dreamdust_wishing_well
D:4:      layout_gridville, serial_shops, nicolae_shop_bloodbath_and_beyond,
          nicolae_shop_firing_range, uniq_natasha

Skill      XL: |  1  2  3  4 |
---------------+-------------+-----
Stealth        | 2 |  2.5
Dodging        | 2 |  2.0
Spellcasting   | 4 |  4.0
Conjurations   | 2 |  2.0
Translocations | 1 |  1.0
Short Blades   | |  0.3
Summonings     | |  1.0
Air Magic      | |  0.1

Action                     |  1- 3 |  4- 6 || total
---------------------------+-------+-------++-------
  Melee: Dagger            |    23 |     4 ||    27
  Throw: Dart              |     3 |       ||     3
   Cast: Magic Dart        |    73 |     6 ||    79
         Blink             |     1 |     1 ||     2
         Cigotuvi's Dreadf |     4 |     1 ||     5
    Use: Scroll            |     6 |     1 ||     7
 Armour: Robe              |     6 |     1 ||     7
  Dodge: Dodged            |    16 |     3 ||    19

Table legend: (Time is in decaauts)
 A = Elapsed time spent in this place.
 B = Non-inter-level travel time spent in this place.
 C = Inter-level travel time spent in this place.
 D = Time resting spent in this place.
 E = Time spent auto-exploring this place.
 F = Levels seen in this place.
 G = Mean time per level.
                   A        B        C        D        E       F      G
               +--------+--------+--------+--------+--------+-----+--------+
         Total |   2959 |   1994 |    965 |    699 |    936 |   4 |  739.8 |
       Dungeon |   2959 |   1994 |    965 |    699 |    936 |   4 |  739.8 |
               +--------+--------+--------+--------+--------+-----+--------+

Top non-repeatable levels by time:
     D:3: 1207 daAuts
     D:2: 931 daAuts
     D:1: 802 daAuts
     D:4: 18 daAuts
